Map: Oxide LE

Players

Battousai - Winner!

  • Race: Terran Terran
  • League: Gold

blcyber

  • Race: Zerg Zerg
  • League: Gold

VOD

Have the link to the VOD?

Description

Time

  • Played on: June 23, 2021, 8:21 p.m.
  • Length: 6:34
Show
View Real Time Build Order
Export as new Build Order

Battousai Terran - Winner!

Build Orders: Hellion Banshee 

Get SALT Encoding   

  12  0:01  SCV  
  13  0:13  SCV  
  14  0:17  Supply Depot  
  14  0:25  SCV  
  15  0:39  SCV  
  15  0:41  Barracks  
  16  0:45  Refinery  
  16  0:51  SCV  
  17  1:03  SCV  
  18  1:28  Orbital Command, Marine  
  19  1:40  Command Center  
  19  1:55  Factory  
  19  1:59  SCV  
  20  2:12  Barracks Tech Lab  
  20  2:15  Barracks Reactor  
  20  2:24  Supply Depot, SCV  
  20  2:26  Refinery  
  21  2:37  SCV  
  22  2:57  Starport  
  22  3:01  Barracks Tech Lab  
  22  3:03  Orbital Command  
  22  3:08  SCV  
  23  3:13  Engineering Bay  
  23  3:16  Hellion  
  23  3:17  Hellion  
  27  3:26  Refinery  
  27  3:38  Hellion x2  
  31  3:46  Supply Depot, Orbital Command  
  31  3:47  Banshee  
  34  3:59  Barracks Reactor  
  34  4:00  Command Center  
  34  4:04  Hellion  
  34  4:07  SCV  
  37  4:13  Hellion  
  37  4:17  SCV  
  40  4:25  Hellion  
  40  4:31  Banshee  
  45  4:38  Marine  
  45  4:39  Marine  
  47  4:52  Hellion x2  
  51  4:53  Cloaking Field  
  51  4:55  SCV  
  51  4:56  Marine  
  53  5:02  Marine  
  54  5:12  SCV x2  
  56  5:14  Marine  
  57  5:23  SCV  
  57  5:24  Banshee, SCV  
  57  5:26  Widow Mine x2  
  55  5:49  SCV x3  
Show
View Real Time Build Order
Export as new Build Order

blcyber Zerg 

Build Orders: Hatch First 

Get SALT Encoding   

  12  0:00  Drone  
  13  0:13  Overlord  
  13  0:23  Drone  
  14  0:35  Drone x3  
  17  0:57  Drone  
  18  0:59  Drone  
  18  1:00  Hatchery  
  18  1:11  Extractor  
  17  1:16  Spawning Pool  
  16  1:19  Drone  
  16  1:20  Drone  
  18  1:29  Drone  
  19  1:40  Drone  
  20  1:50  Overlord  
  20  2:04  Queen  
  22  2:13  Queen  
  22  2:15  Metabolic Boost  
  24  2:28  Zergling x4  
  26  2:34  Hatchery  
  25  2:42  Zergling x10  
  30  3:03  Queen  
  32  3:13  Drone  
  32  3:14  Drone x3  
  32  3:17  Overlord x2  
  36  3:28  Spine Crawler  
  35  3:37  Overlord  
  35  3:39  Queen  
  37  3:46  Queen  
  39  3:49  Drone x3  
  42  4:02  Overlord  
  42  4:10  Zergling x8  
  42  4:11  Zergling x4  
  48  4:20  Queen  
  50  4:38  Drone  
  50  4:39  Drone x6  
  50  4:40  Drone  
  50  4:42  Drone x2  
  50  4:43  Drone x2  
  62  4:52  Spore Crawler  
  61  4:53  Spore Crawler  
  61  4:59  Evolution Chamber, Drone  
  60  5:00  Extractor  
  60  5:01  Evolution Chamber, Drone  
  60  5:04  Drone  
  60  5:14  Overlord x2  
  55  5:45  Zergling x10  
  55  5:46  Zergling x12  
  55  5:47  Zergling x2  
  61  5:57  Drone x2  
  63  6:11  Spore Crawler  
Tags
 
Composition
Hellion Banshee
League
GoldGold
Matchup
TvZ
Add a new tag
Caveats
  • Supply blocks, unpowered buildings, or Contaminate may cause inaccurate times.
  • Supply counts are checked every 10 seconds.